 Dungeon Crawl Stone Soup version 0.29.1-2-gbd0b4ee654 (webtiles) character file.

Game seed: 8425219705451327051

351 JimmyDeans the Trooper (level 6, -4/51 HPs)
             Began as a Demonspawn Abyssal Knight on Oct 26, 2022.
             Was a Believer of Lugonu.
             Slain by a wraith (13 damage)
             ... on level 1 of the Abyss.
             The game lasted 00:01:30 (80 turns).

JimmyDeans the Trooper (Demonspawn Abyssal Knight)    Turns: 80, Time: 00:01:30

Health: -4/51      AC:  3    Str: 15    XL:     6   Next: 34%
Magic:  6/6        EV: 16    Int: 11    God:    Lugonu [**....]
Gold:   0          SH:  0    Dex: 14    Spells: 5/5 levels left

rFire   . . .      SeeInvis .   a - +1 falchion
rCold   . . .      Faith    .   (no shield)
rNeg    . . .      Spirit   .   b - +0 leather armour
rPois   .          Reflect  .   (no helmet)
rElec   .          Harm     .   (no cloak)
rCorr   .          Rampage  .   (no gloves)
Will    .....                   (no boots)
Stlth   +.........              (no amulet)
HPRegen 0.17/turn               (no ring)
MPRegen 0.10/turn               (no ring)

@: mighty, agile, slowed, unable to drink, very slow
A: claws 1, powered by death 1, powered by pain 1, low MP 2, (teleportitis 1),
no potion heal 1, inability to drink after injury 1
a: Renounce Religion, Depart the Abyss, Bend Space


You were on level 1 of the Abyss.
You worshipped Lugonu.
Lugonu was pleased with you.
You visited 0 branches of the dungeon, and saw 0 of its levels.
You visited the Abyss 1 time.

Inventory:

Hand Weapons
 a - a +1 falchion (weapon)
Armour
 b - a +0 leather armour (worn)


   Skills:
 + Level 5.4 Fighting
 + Level 3.6 Long Blades
 + Level 2.6 Armour
 + Level 1.0 Dodging
 + Level 3.6 Invocations


You had 5 spell levels left.
You didn't know any spells.
Your spell library was empty.

Dungeon Overview and Level Annotations

Branches:
Dungeon (0/15)

Altars:


Innate Abilities, Weirdness & Mutations

You have sharp fingernails.
You regenerate a little health from kills.
You sometimes gain a little power by taking damage.
Your magical capacity is very low. (-20% MP)
((You are occasionally teleported next to monsters.))
Potions are less effective at restoring your health.
You occasionally lose the ability to drink potions when taking damage.


Message History

The substance of the Abyss twists violently, and a gateway leading out appears!
A wraith comes into view.
There is a gateway leading out of the Abyss here.
A wraith is nearby!
The wraith hits you. The wraith drains your vigour!
You feel yourself slow down.
You hit the wraith.
The wraith is lightly damaged.
The wraith hits you but does no damage. The wraith misses you.
You hit the wraith but do no damage. The wraith barely misses you.
The wraith hits you!
You focus on the pain.
You feel very mighty all of a sudden. The wraith drains your vigour!
You feel as though you will be slow longer.
You barely miss the wraith. The wraith hits you!
You focus on the pain.
You feel agile all of a sudden. The wraith drains your vigour!
You feel as though you will be slow longer.
You hit the wraith.
The wraith is lightly damaged.
The wraith completely misses you. The wraith hits you!
* * * LOW HITPOINT WARNING * * *
The wraith drains your vigour!
You feel as though you will be slow longer.
You slash the wraith!
The wraith is heavily damaged.
The wraith hits you.
* * * LOW HITPOINT WARNING * * *
The wraith closely misses you.
You hit the wraith.
The wraith is heavily damaged.
The wraith misses you.
You barely miss the wraith.
The wraith is heavily damaged.
The wraith barely misses you. The wraith hits you but does no damage.
You hit the wraith.
The wraith is severely damaged.
The wraith hits you!
You feel threatened and lose the ability to drink potions!
You die...

#.#..#.#... #
.....# .#.##
##....#....#
#....#.##.#. #
#.......# .##
###..... #..#
#...∩.#.#..#
#.##..#.#..#
..#...@W#..##
..#..#.#..#.#
###.#.#...#...
# ..## #......
... . .#.##.
#. #... # #..
..


You could see a wraith.

Vanquished Creatures
  A shining eye (Abyss:1)
1 creature vanquished.

Notes
Turn   | Place    | Note
-------+----------+-------------------------------------------
     0 | Abyss:1  | JimmyDeans the Demonspawn Abyssal Knight began the quest
                  | for the Orb.
     0 | Abyss:1  | Reached XP level 1. HP: 18/18 MP: 2/2
    50 | Abyss:1  | Noticed a shining eye
    51 | Abyss:1  | Gained mutation: You are occasionally teleported next to
                  | monsters. [a shining eye]
    55 | Abyss:1  | Gained mutation: Potions are less effective at restoring
                  | your health. [a shining eye]
    61 | Abyss:1  | Gained mutation: Your magical capacity is low. (-10% MP) [a
                  | shining eye]
    63 | Abyss:1  | Gained mutation: Your magical capacity is very low. (-20%
                  | MP) [a shining eye]
    64 | Abyss:1  | Gained mutation: You occasionally lose the ability to drink
                  | potions when taking damage. [a shining eye]
    67 | Abyss:1  | Killed a shining eye
    68 | Abyss:1  | Reached skill level 5 in Fighting
    68 | Abyss:1  | Reached skill level 1 in Dodging
    68 | Abyss:1  | Gained mutation: You regenerate a little health from kills.
                  | [demonic ancestry]
    68 | Abyss:1  | Reached XP level 2. HP: 27/27 MP: 3/3
    68 | Abyss:1  | Reached XP level 3. HP: 33/33 MP: 4/4
    68 | Abyss:1  | Gained mutation: You have sharp fingernails. [demonic
                  | ancestry]
    68 | Abyss:1  | Reached XP level 4. HP: 39/39 MP: 5/5
    68 | Abyss:1  | Gained mutation: You sometimes gain a little power by
                  | taking damage. [demonic ancestry]
    68 | Abyss:1  | Reached XP level 5. HP: 44/44 MP: 6/6
    68 | Abyss:1  | Reached XP level 6. HP: 51/51 MP: 6/6
    68 | Abyss:1  | Noticed a wraith
    80 | Abyss:1  | Slain by a wraith

Illustrated notes

Levels and vault maps discovered:
Abyss:1:  base: Temple, base:
Temple

Skill      XL: |  1 |
---------------+----+-----
Fighting       | 5 |  5.4
Long Blades    | 3 |  3.6
Armour         | 2 |  2.6
Dodging        | 1 |  1.0
Invocations    | 3 |  3.6

Action                   |  1- 3 |  4- 6 || total
-------------------------+-------+-------++-------
Melee: Falchion          |    14 |     8 ||    22
Armor: Leather armour    |       |     2 ||     2
Dodge: Dodged            |       |     6 ||     6
